 Dungeon Crawl Stone Soup version 0.12.2-12-gd1dd697 (webtiles) character file.

426 Neuromancer the Cudgeler (level 5, -11/49 HPs)
             Began as an Ogre Arcane Marksman on July 17, 2013.
             Mangled by an ogre
             ... wielding a +0,+0 great mace
              (27 damage)
             ... on Level 4 of the Dungeon.
             The game lasted 00:07:38 (3410 turns).

Neuromancer the Cudgeler (Ogre Arcane Marksman)     Turns: 3410, Time: 00:07:38

HP -11/49        AC  3     Str 16      XL: 5   Next: 71%
MP   8/8         EV 10     Int 13      God:
Gold 234         SH  0     Dex 12      Spells:  1 memorised,  7 levels left

Res.Fire  : . . .   See Invis. : .   i - +0,+1 orc whip
Res.Cold  : . . .   Warding    : .   a - +0 robe
Life Prot.: . . .   Conserve   : .   (shield restricted)
Res.Poison: .       Res.Corr.  : .   (helmet restricted)
Res.Elec. : .       Clarity    : .   (no cloak)
Sust.Abil.: . .     Spirit.Shd : .   (gloves unavailable)
Res.Mut.  : .       Stasis     : .   (boots unavailable)
Res.Rott. : .       Ctrl.Telep.: .   (no amulet)
Saprovore : + . .   Flight     : .   (no ring)
                                     g - +3 ring of dexterity

@: slightly resistant to hostile enchantments, unstealthy
A: unfitting armour, fast metabolism 1, saprovore 1, tough skin 1
a: no special abilities


You were on level 4 of the Dungeon.
You were not hungry.

You visited 1 branch of the dungeon, and saw 4 of its levels.

You collected 184 gold pieces.

Inventory:

Hand weapons
 i - a +0,+1 orcish whip (weapon)
Armour
 a - a +0 robe (worn)
Magical devices
 m - a wand of random effects (10)
Comestibles
 f - 2 meat rations
 k - 3 bread rations
 l - 2 rotting chunks of worker ant flesh
 n - 17 grapes
 o - 3 chunks of orc flesh
Scrolls
 h - a scroll of remove curse
 q - 2 scrolls of identify {unknown}
Jewellery
 g - a +3 ring of dexterity (left hand)
Potions
 e - a potion of curing
Books
 d - a book of Debilitation

   Spells                             Type                      Level
   *Corona                            Hexes                        1
   Slow                               Hexes                        2
   Inner Flame                        Hexes/Fire                   3
   Enslavement                        Hexes                        4
   Cause Fear                         Hexes                        4
   Leda's Liquefaction                Hexes/Earth                  4


   Skills:
 - Level 2.1 Fighting
 + Level 6.7 Maces & Flails
 - Level 2.1 Throwing
 - Level 1.7 Dodging
 - Level 2.4 Spellcasting
 - Level 2.1 Hexes


You had 7 spell levels left.
You knew the following spells:

 Your Spells              Type           Power        Failure   Level  Hunger
a - Corona                Hex            ##......     12%         1    #......


Dungeon Overview and Level Annotations

Branches:
Dungeon (4/27)
 Temple: D:4-7

Altars:


Innate Abilities, Weirdness & Mutations

You are too large for most types of armour.
You have a fast metabolism.
You can tolerate rotten meat.
You have tough skin (AC +1).


Message History

Throwing (i - inventory):
c - a throwing net [torn] (quivered)
Press: ? - help, Shift-Dir - straight line, f/p - ogre
Aim: an ogre, wielding a great mace (severely wounded)
You throw a throwing net [torn]. The throwing net [torn] hits the ogre.
The ogre is caught in the net!
The ogre is severely wounded.
The bat hits you.
The ogre struggles against the net.
The net rips apart, and the ogre comes free!
You hit the ogre.
The ogre is almost dead.
The bat hits you but does no damage. The ogre hits you with a great mace!
You hit the ogre.
The ogre is almost dead.
The bat hits you.
You closely miss the ogre.
The ogre is almost dead.
The bat barely misses you. The ogre hits you with a great mace!
Ouch! That really hurt!
You die...

......o.....)..
.......o..<.....
...........#.#.#
..............#.#
...........####.####
##.#...............#
...............)...#
#.##.#o###...........#
..((((oO@..........>.#
#.##.#...............#
........b...........#
....#...............#
#....###...##.##.####
.... #...##.##.# ..
#...##.##.# . #.).##.#
.# #...##.#


You could see an ogre, an orc wizard, an orc and a bat.

Vanquished Creatures
  An ogre skeleton (D:4)
  A goliath beetle (D:4)
  A worker ant (D:4)
  3 adders
  2 giant mites
  A worm (D:2)
  4 giant geckos
  2 orcs
  5 ball pythons
  2 giant cockroaches (D:2)
  6 goblins
  4 hobgoblins
  6 jackals
  A kobold (D:1)
  6 bats
  3 giant newts
  9 rats
57 creatures vanquished.

Notes
Turn   | Place    | Note
--------------------------------------------------------------
     0 | D:1      | Neuromancer, the Ogre Arcane Marksman, began the quest for the Orb.
     0 | D:1      | Reached XP level 1. HP: 19/19 MP: 1/1
   219 | D:1      | Reached skill level 1 in Maces & Flails
   264 | D:1      | Reached XP level 2. HP: 7/27 MP: 3/3
  1294 | D:2      | Reached skill level 3 in Maces & Flails
  1294 | D:2      | Reached XP level 3. HP: 33/33 MP: 4/4
  1820 | D:2      | Reached skill level 4 in Maces & Flails
  2065 | D:2      | Reached XP level 4. HP: 38/42 MP: 6/6
  2209 | D:2      | HP: 2/42 [poisoned by an adder]
  2753 | D:3      | Reached skill level 5 in Maces & Flails
  3164 | D:4      | Reached XP level 5. HP: 40/49 MP: 8/8
  3170 | D:4      | Reached skill level 6 in Maces & Flails
  3402 | D:4      | Noticed an ogre
  3410 | D:4      | Mangled by an ogre

Action                   |  1- 3 |  4- 6 || total
-------------------------+-------+-------++-------
Melee: Whip              |   144 |   110 ||   254
       Unarmed           |    10 |       ||    10
Throw: Large rock        |    13 |    16 ||    29
       Throwing net      |       |     3 ||     3
Evoke: Wand              |       |     1 ||     1
  Use: Scroll            |     5 |     3 ||     8
       Potion            |     3 |     2 ||     5
 Stab: Held in net/web   |       |     3 ||     3
